 Dungeon Crawl Stone Soup version 0.17.1-3-g152610e (webtiles) character file.

2066 Gargoyl the Covered (level 9, -2/103 HPs)
             Began as a Demonspawn Abyssal Knight on Apr 19, 2016.
             Was an Elder of Lugonu.
             Slain by a killer bee (3 damage)
             ... on level 8 of the Dungeon on Apr 20, 2016.
             The game lasted 00:16:07 (5886 turns).

Gargoyl the Covered (Demonspawn Abyssal Knight)     Turns: 5886, Time: 00:16:08

Health: -2/103     AC: 24    Str: 20    XL:     9   Next: 5%
Magic:  0/11       EV:  2    Int: 19    God:    Lugonu [****..]
Gold:   331        SH:  5    Dex: 17    Spells: 0 memorised, 8 levels left

rFire  . . .     SeeInvis +     A - +0 war axe (chop)
rCold  . . .     Clarity  .     (armour currently unavailable)
rNeg   + + +     SustAt   .     r - +0 buckler
rPois  +         Gourm    .     (helmet currently unavailable)
rElec  .         Spirit   +     (cloak currently unavailable)
rCorr  .         Warding  .     (gloves currently unavailable)
rMut   .         NoTele   +     (boots currently unavailable)
MR     .....                    (no amulet)
Stlth  ++........               D - ring of see invisible
                                v - +4 ring of dexterity

@: mighty, brilliant, lethally poisoned (-2 -> -11), tree-form, very slightly
contaminated, hasted, invisible, very quick, not resistant to hostile
enchantments, unstealthy
A: (antennae 0), powered by death 2, magic shield, magic regeneration
a: Depart the Abyss, Bend Space, Banish, Corrupt, Renounce Religion


You were on level 8 of the Dungeon.
You worshipped Lugonu.
Lugonu was greatly pleased with you.
You were very hungry.
You were a tree.
You visited 1 branch of the dungeon, and saw 8 of its levels.
You visited the Abyss 1 time.

You collected 331 gold pieces.

Inventory:

Hand Weapons
 a - a +0 dire flail
 A - a +0 war axe of chopping (weapon)
 B - a +0 vampiric spear
Armour
 i - a +2 pair of gloves (melded)
 k - a +0 scale mail
 m - a +0 pair of boots (melded)
 r - a +0 buckler (worn)
 F - a +0 plate armour (melded)
Jewellery
 v - a +4 ring of dexterity (left branch)
 D - a ring of see invisible (right branch)
Wands
 f - a wand of polymorph (14)
 p - a wand of fire (8)
 s - a wand of fire (8)
 w - a wand of disintegration (10)
Scrolls
 b - a scroll of enchant weapon
 u - a scroll of recharging
 x - a scroll of remove curse
 H - a scroll of brand weapon
Potions
 l - a potion of brilliance
 o - a potion of lignification
 q - a potion of resistance
 C - a potion of degeneration {unknown}
 G - 2 potions of poison
Books
 y - a book of Minor Magic

   Spells                             Type                      Level
   a - Magic Dart                     Conjuration                  1
   b - Blink                          Translocation                2
   c - Call Imp                       Summoning                    2
   d - Repel Missiles                 Charms/Air                   2
   e - Slow                           Hexes                        2
   f - Conjure Flame                  Conjuration/Fire             3
   g - Mephitic Cloud                 Conjuration/Poison/Air       3
Comestibles
 c - 2 bread rations
 h - 4 meat rations
 j - 2 slices of pizza
 z - 8 fruits


   Skills:
 + Level 6.0 Fighting
 + Level 5.0 Axes
 * Level 6.5 Armour
 + Level 4.4 Dodging
 + Level 1.5 Stealth
 + Level 2.1 Shields
 + Level 3.1 Invocations
 + Level 0.2 Evocations


You had 8 spell levels left.
You didn't know any spells.

Dungeon Overview and Level Annotations

Branches:
Dungeon (8/15)             Temple (0/1) D:7
   Lair: D:8-11

Altars:
Ashenzari
Gozag
Kikubaaqudgha
Qazlal
Ru
Sif Muna
Trog
Xom


Innate Abilities, Weirdness & Mutations

((You have a pair of small antennae on your head.))
You regenerate health from kills.
When hurt, damage is shared between your health and your magic reserves.
You regenerate magic rapidly.


Message History

Drink which item? (? for menu, Esc to quit)
It was a potion of haste.
You feel yourself speed up.
* * * LOW HITPOINT WARNING * * *
You feel sick.
The killer bee stings you but does no damage.
The killer bee stings you.
The killer bee stings you but does no damage. x2
You block the killer bee's attack.
The killer bee stings you but does no damage.
You block the killer bee's attack.
The killer bee stings you but does no damage.
Drink which item? (? for menu, Esc to quit)
It was a potion of invisibility.
You fade into invisibility!
* * * LOW HITPOINT WARNING * * *
You feel sick. The killer bee completely misses you.
You block the killer bee's attack.
The killer bee stings you but does no damage. x2
The killer bee stings you.
You die...

...... .....##.......#
............##
#.....##.Y%..# ...###.#.#
..###.# #..##...##
.........###.##..##
#...†###
#.........##....#.#####y..#
...............#...#####y##
#.##.........#.#..Y.....y#
#.##.....#.....yy..#######
.#.##.##....#...♣yy.#
.#.##............y..#
...##..........#(....#
##.[#..........#.....#
.#.............####....
...............# #....#
...............# ##...
....#<#.#....... #..
....#.#.#.......


You could see an ice beast and 5 killer bees.

Vanquished Creatures
  Prince Ribbit (D:5)
  A hippogriff (D:7)
  An ice beast (D:6)
  An orc warrior (D:7)
  2 ogres
  3 scorpions
  4 wights (D:8)
  A killer bee (D:8)
  6 hounds
  2 crimson imps
  2 giant frog zombies (D:5)
  6 orc wizards
  A centaur skeleton (D:8)
  A jelly (D:5)
  4 orc priests
  An iguana (D:3)
  2 worker ants (D:6)
  13 adders
  4 gnolls (D:6)
  3 shadow imps
  An ooze (D:1)
  An adder skeleton (D:6)
  A worm (D:3)
  4 giant geckos
  19 orcs
  2 ball pythons
  2 bat zombies (D:7)
  5 giant cockroaches
  6 goblins
  8 hobgoblins
  4 jackals (D:7)
  4 kobolds
  4 quokkas
  6 bats
  A giant gecko skeleton (D:6)
  7 giant newts
  A jackal skeleton (D:6)
  A jackal zombie (D:6)
  9 rats
  A rat zombie (D:7)
146 creatures vanquished.

Vanquished Creatures (others)
  A jackal (D:5)
  A plant (Abyss:3)
2 creatures vanquished.

Grand Total: 148 creatures vanquished

Notes
Turn   | Place    | Note
--------------------------------------------------------------
     0 | Abyss:1  | Gargoyl the Demonspawn Abyssal Knight began the quest for the Orb.
     0 | Abyss:1  | Reached XP level 1. HP: 18/18 MP: 2/2
    36 | Abyss:2  | Noticed a red ugly thing
    58 | Abyss:3  | Noticed a merfolk avatar
    59 | Abyss:3  | Noticed a merfolk
    71 | Abyss:3  | Noticed a redback
    71 | Abyss:3  | Noticed a storm dragon simulacrum
    79 | D:1      | Escaped the Abyss
   161 | D:1      | Reached skill level 1 in Dodging
   436 | D:1      | Gained mutation: You regenerate a little health from kills. [demonic ancestry]
   436 | D:1      | Reached XP level 2. HP: 24/24 MP: 4/4
   462 | D:1      | Reached * piety under Lugonu
   886 | D:2      | Reached XP level 3. HP: 29/29 MP: 5/5
  1655 | D:3      | Reached XP level 4. HP: 36/36 MP: 6/6
  1679 | D:3      | Reached ** piety under Lugonu
  1948 | D:3      | Found a sacrificial altar of Ru.
  1992 | D:3      | Reached XP level 5. HP: 42/42 MP: 7/7
  2057 | D:3      | Found a faded altar to an unknown god.
  2545 | D:4      | Reached skill level 1 in Shields
  2562 | D:4      | Noticed an ogre
  2563 | D:4      | Killed an ogre
  2563 | D:4      | Reached skill level 4 in Fighting
  2563 | D:4      | Gained mutation: You have a pair of small antennae on your head. [demonic ancestry]
  2563 | D:4      | Reached XP level 6. HP: 48/48 MP: 8/8
  2680 | D:4      | HP: 1/48 [poisoned by a scorpion]
  3092 | D:5      | Entered Level 5 of the Dungeon
  3113 | D:5      | Noticed Prince Ribbit
  3409 | D:6      | Gained mutation: When hurt, damage is shared between your health and your magic reserves. [demonic ancestry]
  3409 | D:6      | Reached XP level 7. HP: 41/55 MP: 9/9
  3444 | D:6      | Reached *** piety under Lugonu
  3521 | D:6      | Found a deep blue altar of Sif Muna.
  3836 | D:6      | Reached skill level 5 in Fighting
  3857 | D:6      | Reached skill level 5 in Armour
  4205 | D:5      | Killed Prince Ribbit
  4205 | D:5      | Reached skill level 1 in Stealth
  4205 | D:5      | Gained mutation: You regenerate magic rapidly. [demonic ancestry]
  4205 | D:5      | Reached XP level 8. HP: 32/62 MP: 6/10
  4380 | D:5      | Found a shattered altar of Ashenzari.
  4497 | D:5      | Reached **** piety under Lugonu
  4611 | D:5      | Found a stormy altar of Qazlal.
  4716 | D:5      | Noticed a moth of wrath
  4720 | D:5      | Found a bloodstained altar of Trog.
  5016 | D:7      | Found an opulent altar of Gozag.
  5034 | D:7      | Reached skill level 6 in Armour
  5090 | D:7      | Found a staircase to the Ecumenical Temple.
  5131 | D:7      | Found a shimmering altar of Xom.
  5375 | D:7      | Found an ancient bone altar of Kikubaaqudgha.
  5710 | D:8      | Gained mutation: You regenerate health from kills. [demonic ancestry]
  5710 | D:8      | Reached XP level 9. HP: 49/69 MP: 9/11
  5739 | D:8      | HP: 5/103 [poison (a potion of poison)]
  5744 | D:8      | HP: 4/103 [poison (a potion of poison)]
  5751 | D:8      | HP: 3/103 [poison (a potion of poison)]
  5758 | D:8      | HP: 2/103 [poison (a potion of poison)]
  5766 | D:8      | HP: 3/103 [poison (a potion of poison)]
  5864 | D:8      | Reached skill level 5 in Axes
  5884 | D:8      | HP: 4/103 [poisoned by a killer bee]
  5886 | D:8      | HP: 1/103 [poisoned by a killer bee]
  5886 | D:8      | Slain by a killer bee

Action                   |  1- 3 |  4- 6 |  7- 9 || total
-------------------------+-------+-------+-------++-------
Melee: Hand axe          |    81 |   215 |   296 ||   592
       War axe           |       |       |   145 ||   145
Invok: Depart the Abyss  |     1 |       |       ||     1
Evoke: Wand              |       |     2 |     6 ||     8
  Use: Scroll            |     2 |     8 |     6 ||    16
       Potion            |       |     3 |    10 ||    13
  Eat: Chunk             |     3 |     3 |     7 ||    13
       Royal jelly       |       |     1 |       ||     1
       Pizza             |       |       |     1 ||     1
